BlackHawks vs Blues

Created - March 21 2012 at 18:57

Goals
1 2 3 T
BlackHawks 2 1 1 4
Blues 1 1 1 3
Shots
1 2 3 T
BlackHawks 16 14 6 36
Blues 9 12 10 31

Period #1

1. Blues , Patrik Berglund 3 (Yannick Weber) at 1:38
2. BlackHawks , Bryan Little 12 (Zach Parise, Mattias Ohlund) at 15:11
3. BlackHawks , Samuel Pahlsson 3 (Mark Eaton) at 18:59

Penalties :
Mattias Ohlund (CHI) for Hooking (Minor) at 1:43

Period #2

4. BlackHawks , Zach Parise 36 (Simon Gagne, Brett Clark) at 2:12 (PP)
5. Blues , Christopher Higgins 20 (Andrei Markov, Jussi Jokinen) at 12:56 (PP)

Penalties :
Steve Ott (STL) for Holding (Minor) at 1:52, Steve Ott (STL) for Goalie Interference (Minor) at 2:37, Cody McCormick (CHI) for Interference (Minor) at 12:10, Hal Gill (CHI) for Roughing (Minor) at 13:32, Barret Jackman (STL) for Slashing (Minor) at 17:47

Period #3

6. Blues , Christopher Higgins 21 (Rick Nash) at 5:16 (PP)
7. BlackHawks , Zach Parise 37 (Bryan Little, P.K. Subban) at 10:24 (PP)

Penalties :
Samuel Pahlsson (CHI) for Roughing (Minor) at 2:56, Hal Gill (CHI) for Slashing (Double Minor) at 3:44, Kent Huskins (STL) for Roughing (Minor) at 8:10, David Clarkson (STL) for Hooking (Minor) at 10:10, David Clarkson (STL) for Fighting (Major) at 18:27, P.K. Subban (CHI) for Fighting (Major) at 18:27

Goalie Stats

Martin Brodeur (CHI), 28 saves from 31 shots - (0.903), W, 22-24-7, 60:00 minutes
Ondrej Pavelec (STL), 32 saves from 36 shots - (0.889), L, 16-25-3, 59:52 minutes

Players Stats

BlackHawks
Player Name              G  A  P  +/- PIM S  H  SB FO    MP 
------------------------------------------------------------
Brett Clark              0  1  1   0  0   2  2  0  0/0   22 
Bryan Little             1  1  2   1  0   4  0  0  12/29 18 
Chris Campoli            0  0  0   0  0   0  0  0  0/0   0  
Cody McCormick           0  0  0   0  2   3  2  0  0/0   15 
Daniel Paille            0  0  0   0  0   0  0  1  0/1   13 
Darren Helm              0  0  0   0  0   5  0  0  24/39 21 
Hal Gill                 0  0  0   0  6   2  0  0  0/0   18 
Jamie McGinn             0  0  0   0  0   0  2  0  0/0   4  
Jay McClement            0  0  0   0  0   0  0  0  5/7   4  
Mark Eaton               0  1  1   0  0   0  0  0  0/0   18 
Mathieu Darche           0  0  0   0  0   3  1  0  0/4   17 
Mattias Ohlund           0  1  1   1  2   0  4  0  0/0   21 
P.K. Subban              0  1  1   1  5   2  5  1  0/0   24 
Ron Hainsey              0  0  0   0  0   1  0  2  0/0   16 
Samuel Pahlsson          1  0  1   0  2   1  1  0  11/22 17 
Simon Gagne              0  1  1   1  0   1  2  0  1/3   22 
Tyler Kennedy            0  0  0   0  0   6  4  0  1/1   19 
Zach Parise              2  1  3   1  0   6  5  0  1/3   22 
Blues
Player Name              G  A  P  +/- PIM S  H  SB FO    MP 
------------------------------------------------------------
Alexander Frolov         0  0  0   0  0   0  0  0  0/0   0  
Andrei Markov            0  1  1  -1  0   3  0  1  0/0   23 
Barret Jackman           0  0  0  -1  2   0  3  5  0/0   19 
Christopher Higgins      2  0  2  -1  0   2  1  0  2/2   21 
David Clarkson           0  0  0   0  7   0  2  1  0/1   16 
Daymond Langkow          0  0  0   0  0   2  1  0  12/21 14 
Jerred Smithson          0  0  0   0  0   0  0  0  5/13  6  
Jussi Jokinen            0  1  1  -1  0   5  0  0  20/40 20 
Kent Huskins             0  0  0   0  2   0  0  0  0/0   5  
Magnus Paajarvi          0  0  0   0  0   1  0  0  0/0   19 
Mark Fayne               0  0  0   0  0   1  0  2  0/0   16 
Milan Jurcina            0  0  0   0  0   0  5  1  0/0   15 
Patrik Berglund          1  0  1   0  0   5  0  0  14/28 21 
Rick Nash                0  1  1  -1  0   3  0  0  0/0   20 
Sami Salo                0  0  0   0  0   2  0  1  0/0   22 
Steve Ott                0  0  0   0  4   3  4  0  0/1   21 
Todd Bertuzzi            0  0  0   0  0   2  1  0  1/3   15 
Yannick Weber            0  1  1   0  0   2  5  0  0/0   20 

3 Stars

1 - Zach Parise (CHI)
2 - Christopher Higgins (STL)
3 - Bryan Little (CHI)

Power Play

BlackHawks - 2 on 5 Attempt(s) - 40.00%
Blues - 2 on 6 Attempt(s) - 33.33%

Penalty Kill

BlackHawks - 4 on 6 Attempt(s) - 66.67% - Score 0 goal in Penalty Kill
Blues - 3 on 5 Attempt(s) - 60.00% - Score 0 goal in Penalty Kill

Game Notes

David Clarkson and P.K. Subban fight to a draw at 18:27 of 3rd period

Finance

Level 1 -- Attendance: 6500 (100.00%) -- Ticket Income $390,000.00
Level 2 -- Attendance: 5000 (100.00%) -- Ticket Income $150,000.00
Level 3 -- Attendance: 3424 (97.83%) -- Ticket Income $85,600.00
Level 4 -- Attendance: 2851 (94.34%) -- Ticket Income $42,765.00
Luxury Box -- Attendance: 1000 (100.00%) -- Ticket Income $120,000.00
Game was played at the Scottrade Center
Total Attendance: 18775 (98.70%)
Total Ticket Income: $841,492.40
Other Income: $220,195.20
Total Income: $1,061,687.00


Play by Play

Period #1

0:01 of 1st period - Jussi Jokinen wins face-off versus Bryan Little in neutral zone.
0:27 of 1st period - Shot by Zach Parise.
0:27 of 1st period - Stopped by Ondrej Pavelec without a rebound.
0:28 of 1st period - Patrik Berglund wins face-off versus Darren Helm in Blues zone.
0:43 of 1st period - Icing by Brett Clark.
0:44 of 1st period - Darren Helm wins face-off versus Daymond Langkow in BlackHawks zone.
0:44 of 1st period - Darren Helm is hit by Daymond Langkow.
0:51 of 1st period - Brett Clark is hit by Milan Jurcina and loses puck.
0:55 of 1st period - Mathieu Darche is hit by Milan Jurcina and loses puck.
1:04 of 1st period - David Clarkson is hit by Mathieu Darche and loses puck.
1:09 of 1st period - Shot by Tyler Kennedy.
1:09 of 1st period - Shot Blocked by Milan Jurcina.
1:11 of 1st period - Shot by Mathieu Darche.
1:11 of 1st period - Stopped by Ondrej Pavelec without a rebound.
1:12 of 1st period - Bryan Little wins face-off versus Jussi Jokinen in Blues zone.
1:12 of 1st period - Zach Parise is hit by Barret Jackman.
1:18 of 1st period - Shot by Rick Nash.
1:18 of 1st period - Stopped by Martin Brodeur without a rebound.
1:19 of 1st period - Samuel Pahlsson wins face-off versus Patrik Berglund in BlackHawks zone.
1:38 of 1st period - Shot by Patrik Berglund.
1:38 of 1st period - Goal by Patrik Berglund - BlackHawks : 0 - Blues : 1.
1:39 of 1st period - Jussi Jokinen wins face-off versus Bryan Little in neutral zone.
1:39 of 1st period - Christopher Higgins is hit by Simon Gagne and loses puck.
1:43 of 1st period - Minor Penalty to Mattias Ohlund for Hooking.
1:44 of 1st period - Darren Helm wins face-off versus Jussi Jokinen in BlackHawks zone.
1:58 of 1st period - Off-side.
1:59 of 1st period - Patrik Berglund wins face-off versus Darren Helm in neutral zone.
2:10 of 1st period - Shot by Sami Salo.
2:10 of 1st period - Stopped by Martin Brodeur without a rebound.
2:11 of 1st period - Jussi Jokinen wins face-off versus Simon Gagne in BlackHawks zone.
2:48 of 1st period - Shot by Jussi Jokinen.
2:48 of 1st period - Shot Misses the Net.
3:00 of 1st period - P.K. Subban is hit by Christopher Higgins and loses puck.
3:27 of 1st period - Shot by Yannick Weber.
3:27 of 1st period - Stopped by Martin Brodeur with a rebound.
3:29 of 1st period - Shot by Patrik Berglund.
3:29 of 1st period - Shot Misses the Net.
3:33 of 1st period - Shot by Magnus Paajarvi.
3:33 of 1st period - Shot Misses the Net.
4:36 of 1st period - Icing by Samuel Pahlsson.
4:37 of 1st period - Patrik Berglund wins face-off versus Samuel Pahlsson in BlackHawks zone.
4:48 of 1st period - Mark Eaton is hit by Steve Ott and loses puck.
5:37 of 1st period - Tyler Kennedy is hit by Barret Jackman and loses puck.
6:20 of 1st period - Shot by Bryan Little.
6:20 of 1st period - Shot Blocked by Mark Fayne.
6:23 of 1st period - Icing by Milan Jurcina.
6:24 of 1st period - Daymond Langkow wins face-off versus Samuel Pahlsson in Blues zone.
6:35 of 1st period - Samuel Pahlsson is hit by David Clarkson and loses puck.
6:48 of 1st period - Shot by Daymond Langkow.
6:48 of 1st period - Shot Blocked by Daniel Paille.
6:54 of 1st period - Todd Bertuzzi is hit by Samuel Pahlsson and loses puck.
7:06 of 1st period - Daymond Langkow is hit by Brett Clark and loses puck.
8:25 of 1st period - Shot by Zach Parise.
8:25 of 1st period - Shot Misses the Net.
9:03 of 1st period - Icing by Milan Jurcina.
9:04 of 1st period - Daymond Langkow wins face-off versus Samuel Pahlsson in Blues zone.
9:43 of 1st period - Icing by Sami Salo.
9:44 of 1st period - Jay McClement wins face-off versus Patrik Berglund in Blues zone.
9:44 of 1st period - Jay McClement is hit by Yannick Weber.
9:54 of 1st period - Shot by Tyler Kennedy.
9:54 of 1st period - Stopped by Ondrej Pavelec without a rebound.
9:55 of 1st period - Jerred Smithson wins face-off versus Bryan Little in Blues zone.
10:22 of 1st period - Icing by Andrei Markov.
10:23 of 1st period - Darren Helm wins face-off versus Jerred Smithson in Blues zone.
11:21 of 1st period - Steve Ott is hit by Tyler Kennedy and loses puck.
12:03 of 1st period - Icing by P.K. Subban.
12:04 of 1st period - Bryan Little wins face-off versus Jussi Jokinen in BlackHawks zone.
12:06 of 1st period - Icing by P.K. Subban.
12:07 of 1st period - Bryan Little wins face-off versus Todd Bertuzzi in BlackHawks zone.
12:11 of 1st period - Icing by Bryan Little.
12:12 of 1st period - Jussi Jokinen wins face-off versus Bryan Little in BlackHawks zone.
12:15 of 1st period - Shot by Jussi Jokinen.
12:15 of 1st period - Stopped by Martin Brodeur without a rebound.
12:16 of 1st period - Samuel Pahlsson wins face-off versus Daymond Langkow in BlackHawks zone.
12:18 of 1st period - Icing by Cody McCormick.
12:19 of 1st period - Samuel Pahlsson wins face-off versus Patrik Berglund in BlackHawks zone.
12:51 of 1st period - Mark Eaton is hit by Yannick Weber and loses puck.
13:07 of 1st period - Brett Clark is hit by Steve Ott and loses puck.
13:20 of 1st period - Shot by Todd Bertuzzi.
13:20 of 1st period - Shot Misses the Net.
13:22 of 1st period - Shot by Todd Bertuzzi.
13:22 of 1st period - Stopped by Martin Brodeur without a rebound.
13:23 of 1st period - Jussi Jokinen wins face-off versus Simon Gagne in BlackHawks zone.
13:23 of 1st period - Andrei Markov is hit by Mattias Ohlund and loses puck.
13:42 of 1st period - Shot by Bryan Little.
13:42 of 1st period - Stopped by Ondrej Pavelec with a rebound.
13:44 of 1st period - Shot by Zach Parise.
13:44 of 1st period - Stopped by Ondrej Pavelec with a rebound.
13:46 of 1st period - Shot by Bryan Little.
13:46 of 1st period - Deflect By Zach Parise.
13:46 of 1st period - Shot Misses the Net.
13:50 of 1st period - Shot by Zach Parise.
13:50 of 1st period - Stopped by Ondrej Pavelec without a rebound.
13:51 of 1st period - Samuel Pahlsson wins face-off versus Daymond Langkow in Blues zone.
14:14 of 1st period - Shot by Todd Bertuzzi.
14:14 of 1st period - Stopped by Martin Brodeur with a rebound.
14:36 of 1st period - Shot by Tyler Kennedy.
14:36 of 1st period - Stopped by Ondrej Pavelec without a rebound.
14:37 of 1st period - Jussi Jokinen wins face-off versus Bryan Little in Blues zone.
14:41 of 1st period - Rick Nash is hit by P.K. Subban.
14:46 of 1st period - Christopher Higgins is hit by Mattias Ohlund and loses puck.
14:56 of 1st period - Andrei Markov is hit by Zach Parise and loses puck.
15:05 of 1st period - Shot by Zach Parise.
15:05 of 1st period - Shot Blocked by Andrei Markov.
15:09 of 1st period - Shot by Zach Parise.
15:09 of 1st period - Shot Misses the Net.
15:11 of 1st period - Shot by Bryan Little.
15:11 of 1st period - Goal by Bryan Little - BlackHawks : 1 - Blues : 1.
15:12 of 1st period - Patrik Berglund wins face-off versus Darren Helm in neutral zone.
15:26 of 1st period - Tyler Kennedy is hit by Yannick Weber and loses puck.
15:29 of 1st period - Shot by Darren Helm.
15:29 of 1st period - Stopped by Ondrej Pavelec with a rebound.
15:48 of 1st period - Darren Helm is hit by Yannick Weber and loses puck.
16:13 of 1st period - Shot by Hal Gill.
16:13 of 1st period - Stopped by Ondrej Pavelec without a rebound.
16:14 of 1st period - Daymond Langkow wins face-off versus Bryan Little in Blues zone.
16:14 of 1st period - Daymond Langkow is hit by Zach Parise.
16:30 of 1st period - Shot by Daymond Langkow.
16:30 of 1st period - Stopped by Martin Brodeur without a rebound.
16:31 of 1st period - Jussi Jokinen wins face-off versus Samuel Pahlsson in BlackHawks zone.
16:52 of 1st period - Shot by Cody McCormick.
16:52 of 1st period - Stopped by Ondrej Pavelec without a rebound.
16:53 of 1st period - Daymond Langkow wins face-off versus Bryan Little in Blues zone.
16:55 of 1st period - Icing by Todd Bertuzzi.
16:56 of 1st period - Darren Helm wins face-off versus Daymond Langkow in Blues zone.
17:06 of 1st period - Icing by Daymond Langkow.
17:07 of 1st period - Daymond Langkow wins face-off versus Bryan Little in Blues zone.
17:07 of 1st period - Daymond Langkow is hit by Simon Gagne.
17:34 of 1st period - Mark Fayne is hit by Mattias Ohlund and loses puck.
17:58 of 1st period - Off-side.
17:59 of 1st period - Darren Helm wins face-off versus Patrik Berglund in neutral zone.
18:02 of 1st period - Shot by Tyler Kennedy.
18:02 of 1st period - Deflect By Mathieu Darche.
18:02 of 1st period - Stopped by Ondrej Pavelec without a rebound.
18:03 of 1st period - Patrik Berglund wins face-off versus Samuel Pahlsson in Blues zone.
18:03 of 1st period - Patrik Berglund is hit by Cody McCormick.
18:19 of 1st period - Shot by Patrik Berglund.
18:19 of 1st period - Stopped by Martin Brodeur without a rebound.
18:20 of 1st period - Darren Helm wins face-off versus Jussi Jokinen in BlackHawks zone.
18:33 of 1st period - Shot by Tyler Kennedy.
18:33 of 1st period - Stopped by Ondrej Pavelec without a rebound.
18:34 of 1st period - Patrik Berglund wins face-off versus Samuel Pahlsson in Blues zone.
18:59 of 1st period - Shot by Samuel Pahlsson.
18:59 of 1st period - Goal by Samuel Pahlsson - BlackHawks : 2 - Blues : 1.
19:00 of 1st period - Jussi Jokinen wins face-off versus Darren Helm in neutral zone.
19:00 of 1st period - Jussi Jokinen is hit by Tyler Kennedy.
19:03 of 1st period - Off-side.
19:04 of 1st period - Zach Parise wins face-off versus Jussi Jokinen in neutral zone.
19:17 of 1st period - Shot by Bryan Little.
19:17 of 1st period - Shot Blocked by Barret Jackman.
19:29 of 1st period - Shot by Bryan Little.
19:29 of 1st period - Deflect By Zach Parise.
19:29 of 1st period - Shot Misses the Net.
19:31 of 1st period - Shot by Zach Parise.
19:31 of 1st period - Shot Misses the Net.
19:33 of 1st period - Shot by Bryan Little.
19:33 of 1st period - Stopped by Ondrej Pavelec without a rebound.
19:34 of 1st period - Daymond Langkow wins face-off versus Mathieu Darche in Blues zone.
19:50 of 1st period - Darren Helm is hit by Milan Jurcina and loses puck.
19:57 of 1st period - Shot by Tyler Kennedy.
19:57 of 1st period - Shot Misses the Net.
19:59 of 1st period - Shot by Darren Helm.
19:59 of 1st period - Stopped by Ondrej Pavelec with a rebound.

Period #2

0:01 of 2nd period - Bryan Little wins face-off versus Jussi Jokinen in neutral zone.
0:03 of 2nd period - Off-side.
0:04 of 2nd period - Darren Helm wins face-off versus Jussi Jokinen in neutral zone.
0:08 of 2nd period - Off-side.
0:09 of 2nd period - Bryan Little wins face-off versus Patrik Berglund in neutral zone.
0:24 of 2nd period - Shot by Patrik Berglund.
0:24 of 2nd period - Shot Misses the Net.
0:26 of 2nd period - Shot by Patrik Berglund.
0:26 of 2nd period - Deflect By Steve Ott.
0:26 of 2nd period - Stopped by Martin Brodeur without a rebound.
0:27 of 2nd period - Jussi Jokinen wins face-off versus Darren Helm in BlackHawks zone.
0:27 of 2nd period - Andrei Markov is hit by Brett Clark and loses puck.
0:36 of 2nd period - Shot by Jussi Jokinen.
0:36 of 2nd period - Stopped by Martin Brodeur without a rebound.
0:37 of 2nd period - Daymond Langkow wins face-off versus Daniel Paille in BlackHawks zone.
0:50 of 2nd period - Milan Jurcina is hit by Cody McCormick and loses puck.
1:35 of 2nd period - Shot by Bryan Little.
1:35 of 2nd period - Shot Misses the Net.
1:37 of 2nd period - Shot by P.K. Subban.
1:37 of 2nd period - Shot Misses the Net.
1:39 of 2nd period - Shot by Bryan Little.
1:39 of 2nd period - Stopped by Ondrej Pavelec without a rebound.
1:40 of 2nd period - Tyler Kennedy wins face-off versus Patrik Berglund in Blues zone.
1:52 of 2nd period - Minor Penalty to Steve Ott for Holding.
1:53 of 2nd period - Jerred Smithson wins face-off versus Bryan Little in Blues zone.
1:53 of 2nd period - Andrei Markov is hit by Zach Parise and loses puck.
2:10 of 2nd period - Shot by Zach Parise.
2:10 of 2nd period - Shot Misses the Net.
2:12 of 2nd period - Shot by Zach Parise.
2:12 of 2nd period - Goal by Zach Parise - BlackHawks : 3 - Blues : 1.
2:13 of 2nd period - Jay McClement wins face-off versus Patrik Berglund in neutral zone.
2:16 of 2nd period - Shot by P.K. Subban.
2:16 of 2nd period - Stopped by Ondrej Pavelec with a rebound.
2:37 of 2nd period - Minor Penalty to Steve Ott for Goalie Interference.
2:38 of 2nd period - Darren Helm wins face-off versus Jerred Smithson in Blues zone.
2:39 of 2nd period - Shot by Tyler Kennedy.
2:39 of 2nd period - Shot Misses the Net.
2:57 of 2nd period - Shot by Mathieu Darche.
2:57 of 2nd period - Deflect By Tyler Kennedy.
2:57 of 2nd period - Shot Blocked by Barret Jackman.
4:09 of 2nd period - Icing by Darren Helm.
4:10 of 2nd period - Jussi Jokinen wins face-off versus Darren Helm in BlackHawks zone.
4:36 of 2nd period - Icing by Ron Hainsey.
4:37 of 2nd period - Jay McClement wins face-off versus Daymond Langkow in BlackHawks zone.
4:37 of 2nd period - Jay McClement is hit by Todd Bertuzzi.
4:50 of 2nd period - Mark Fayne is hit by Mattias Ohlund and loses puck.
5:04 of 2nd period - Tyler Kennedy is hit by Milan Jurcina and loses puck.
5:29 of 2nd period - Shot by Patrik Berglund.
5:29 of 2nd period - Stopped by Martin Brodeur without a rebound.
5:30 of 2nd period - Bryan Little wins face-off versus Jussi Jokinen in BlackHawks zone.
6:29 of 2nd period - Andrei Markov is hit by Zach Parise and loses puck.
7:16 of 2nd period - Shot by Hal Gill.
7:16 of 2nd period - Shot Misses the Net.
7:39 of 2nd period - Icing by Ron Hainsey.
7:40 of 2nd period - Daymond Langkow wins face-off versus Darren Helm in BlackHawks zone.
7:45 of 2nd period - Shot by Todd Bertuzzi.
7:45 of 2nd period - Shot Misses the Net.
7:47 of 2nd period - Shot by Todd Bertuzzi.
7:47 of 2nd period - Shot Misses the Net.
7:49 of 2nd period - Shot by Milan Jurcina.
7:49 of 2nd period - Shot Misses the Net.
7:51 of 2nd period - Shot by Daymond Langkow.
7:51 of 2nd period - Shot Misses the Net.
7:53 of 2nd period - Shot by Todd Bertuzzi.
7:53 of 2nd period - Shot Misses the Net.
7:57 of 2nd period - Shot by Daymond Langkow.
7:57 of 2nd period - Stopped by Martin Brodeur without a rebound.
7:58 of 2nd period - Jay McClement wins face-off versus Daymond Langkow in BlackHawks zone.
8:20 of 2nd period - Icing by Milan Jurcina.
8:21 of 2nd period - Daymond Langkow wins face-off versus Samuel Pahlsson in Blues zone.
8:51 of 2nd period - Shot by Cody McCormick.
8:51 of 2nd period - Stopped by Ondrej Pavelec without a rebound.
8:52 of 2nd period - Bryan Little wins face-off versus Patrik Berglund in Blues zone.
8:59 of 2nd period - Shot by Zach Parise.
8:59 of 2nd period - Stopped by Ondrej Pavelec without a rebound.
9:00 of 2nd period - Jussi Jokinen wins face-off versus Darren Helm in Blues zone.
9:14 of 2nd period - Icing by Tyler Kennedy.
9:15 of 2nd period - Patrik Berglund wins face-off versus Darren Helm in BlackHawks zone.
9:20 of 2nd period - Shot by Patrik Berglund.
9:20 of 2nd period - Shot Blocked by Ron Hainsey.
10:05 of 2nd period - Shot by Zach Parise.
10:05 of 2nd period - Shot Misses the Net.
10:09 of 2nd period - Shot by Simon Gagne.
10:09 of 2nd period - Shot Misses the Net.
10:13 of 2nd period - Shot by Bryan Little.
10:13 of 2nd period - Shot Misses the Net.
12:07 of 2nd period - Icing by Mark Eaton.
12:08 of 2nd period - Samuel Pahlsson wins face-off versus Jerred Smithson in BlackHawks zone.
12:10 of 2nd period - Minor Penalty to Cody McCormick for Interference.
12:11 of 2nd period - Darren Helm wins face-off versus Jussi Jokinen in BlackHawks zone.
12:19 of 2nd period - Icing by Jussi Jokinen.
12:20 of 2nd period - Darren Helm wins face-off versus Jussi Jokinen in Blues zone.
12:34 of 2nd period - Icing by Rick Nash.
12:35 of 2nd period - Samuel Pahlsson wins face-off versus Jussi Jokinen in Blues zone.
12:36 of 2nd period - Shot by Hal Gill.
12:36 of 2nd period - Stopped by Ondrej Pavelec without a rebound.
12:37 of 2nd period - Darren Helm wins face-off versus Patrik Berglund in Blues zone.
12:48 of 2nd period - Shot by Yannick Weber.
12:48 of 2nd period - Stopped by Martin Brodeur without a rebound.
12:49 of 2nd period - Jussi Jokinen wins face-off versus Darren Helm in BlackHawks zone.
12:50 of 2nd period - Shot by Andrei Markov.
12:50 of 2nd period - Shot Misses the Net.
12:52 of 2nd period - Shot by Andrei Markov.
12:52 of 2nd period - Shot Misses the Net.
12:54 of 2nd period - Shot by Andrei Markov.
12:54 of 2nd period - Stopped by Martin Brodeur with a rebound.
12:56 of 2nd period - Shot by Christopher Higgins.
12:56 of 2nd period - Goal by Christopher Higgins - BlackHawks : 3 - Blues : 2.
12:57 of 2nd period - Darren Helm wins face-off versus Daymond Langkow in neutral zone.
13:16 of 2nd period - Shot by Tyler Kennedy.
13:16 of 2nd period - Deflect By Mathieu Darche.
13:16 of 2nd period - Stopped by Ondrej Pavelec with a rebound.
13:20 of 2nd period - Shot by Darren Helm.
13:20 of 2nd period - Stopped by Ondrej Pavelec without a rebound.
13:21 of 2nd period - Samuel Pahlsson wins face-off versus David Clarkson in Blues zone.
13:32 of 2nd period - Minor Penalty to Hal Gill for Roughing.
13:33 of 2nd period - Darren Helm wins face-off versus Patrik Berglund in BlackHawks zone.
13:41 of 2nd period - Sami Salo is hit by P.K. Subban and loses puck.
14:20 of 2nd period - Shot by Andrei Markov.
14:20 of 2nd period - Stopped by Martin Brodeur without a rebound.
14:21 of 2nd period - Darren Helm wins face-off versus Jussi Jokinen in BlackHawks zone.
14:29 of 2nd period - Off-side.
14:30 of 2nd period - Jussi Jokinen wins face-off versus Darren Helm in neutral zone.
14:33 of 2nd period - Shot by Andrei Markov.
14:33 of 2nd period - Stopped by Martin Brodeur without a rebound.
14:34 of 2nd period - Darren Helm wins face-off versus Jussi Jokinen in BlackHawks zone.
14:45 of 2nd period - Shot by Jussi Jokinen.
14:45 of 2nd period - Deflect By Rick Nash.
14:45 of 2nd period - Stopped by Martin Brodeur without a rebound.
14:46 of 2nd period - Darren Helm wins face-off versus Jussi Jokinen in BlackHawks zone.
15:10 of 2nd period - Icing by Barret Jackman.
15:11 of 2nd period - Jussi Jokinen wins face-off versus Samuel Pahlsson in Blues zone.
15:30 of 2nd period - Darren Helm is hit by Steve Ott.
15:33 of 2nd period - Off-side.
15:34 of 2nd period - Daymond Langkow wins face-off versus Jay McClement in neutral zone.
15:34 of 2nd period - Milan Jurcina is hit by Jamie McGinn and loses puck.
15:39 of 2nd period - Mattias Ohlund is hit by David Clarkson and loses puck.
15:45 of 2nd period - David Clarkson is hit by P.K. Subban.
15:47 of 2nd period - Shot by Daymond Langkow.
15:47 of 2nd period - Shot Misses the Net.
15:54 of 2nd period - Todd Bertuzzi is hit by P.K. Subban and loses puck.
16:05 of 2nd period - Shot by Mark Fayne.
16:05 of 2nd period - Stopped by Martin Brodeur without a rebound.
16:06 of 2nd period - Samuel Pahlsson wins face-off versus Patrik Berglund in BlackHawks zone.
16:24 of 2nd period - Shot by Patrik Berglund.
16:24 of 2nd period - Stopped by Martin Brodeur without a rebound.
16:25 of 2nd period - Darren Helm wins face-off versus Jussi Jokinen in BlackHawks zone.
16:36 of 2nd period - Shot by Tyler Kennedy.
16:36 of 2nd period - Shot Misses the Net.
16:38 of 2nd period - Shot by Ron Hainsey.
16:38 of 2nd period - Stopped by Ondrej Pavelec without a rebound.
16:39 of 2nd period - Patrik Berglund wins face-off versus Bryan Little in Blues zone.
17:31 of 2nd period - Off-side.
17:32 of 2nd period - Darren Helm wins face-off versus Jussi Jokinen in neutral zone.
17:47 of 2nd period - Minor Penalty to Barret Jackman for Slashing.
17:48 of 2nd period - Darren Helm wins face-off versus Jerred Smithson in Blues zone.
17:59 of 2nd period - Shot by Darren Helm.
17:59 of 2nd period - Stopped by Ondrej Pavelec without a rebound.
18:00 of 2nd period - Jerred Smithson wins face-off versus Bryan Little in Blues zone.
18:11 of 2nd period - Shot by P.K. Subban.
18:11 of 2nd period - Stopped by Ondrej Pavelec without a rebound.
18:12 of 2nd period - Christopher Higgins wins face-off versus Darren Helm in Blues zone.
18:29 of 2nd period - Andrei Markov is hit by Tyler Kennedy and loses puck.
18:59 of 2nd period - Shot by P.K. Subban.
18:59 of 2nd period - Shot Misses the Net.
19:01 of 2nd period - Shot by P.K. Subban.
19:01 of 2nd period - Shot Misses the Net.
19:03 of 2nd period - Shot by Zach Parise.
19:03 of 2nd period - Shot Misses the Net.
19:07 of 2nd period - Shot by Bryan Little.
19:07 of 2nd period - Shot Misses the Net.
19:11 of 2nd period - Shot by Simon Gagne.
19:11 of 2nd period - Stopped by Ondrej Pavelec without a rebound.
19:12 of 2nd period - Bryan Little wins face-off versus Jussi Jokinen in Blues zone.
19:15 of 2nd period - Shot by Brett Clark.
19:15 of 2nd period - Stopped by Ondrej Pavelec without a rebound.
19:16 of 2nd period - Darren Helm wins face-off versus Jerred Smithson in Blues zone.
19:21 of 2nd period - Shot by Tyler Kennedy.
19:21 of 2nd period - Shot Misses the Net.
19:23 of 2nd period - Shot by Tyler Kennedy.
19:23 of 2nd period - Stopped by Ondrej Pavelec without a rebound.
19:24 of 2nd period - Jussi Jokinen wins face-off versus Bryan Little in Blues zone.
19:32 of 2nd period - Icing by Bryan Little.
19:33 of 2nd period - Simon Gagne wins face-off versus Jerred Smithson in BlackHawks zone.

Period #3

0:01 of 3rd period - Jussi Jokinen wins face-off versus Bryan Little in neutral zone.
0:13 of 3rd period - Icing by P.K. Subban.
0:14 of 3rd period - Patrik Berglund wins face-off versus Bryan Little in BlackHawks zone.
0:32 of 3rd period - Patrik Berglund is hit by Zach Parise and loses puck.
0:43 of 3rd period - Shot by Bryan Little.
0:43 of 3rd period - Shot Misses the Net.
0:45 of 3rd period - Shot by Bryan Little.
0:45 of 3rd period - Shot Blocked by Sami Salo.
1:08 of 3rd period - Mathieu Darche is hit by Yannick Weber and loses puck.
1:53 of 3rd period - Shot by Jussi Jokinen.
1:53 of 3rd period - Stopped by Martin Brodeur without a rebound.
1:54 of 3rd period - Daymond Langkow wins face-off versus Samuel Pahlsson in BlackHawks zone.
2:00 of 3rd period - Icing by Cody McCormick.
2:01 of 3rd period - Samuel Pahlsson wins face-off versus Daymond Langkow in BlackHawks zone.
2:10 of 3rd period - Shot by Samuel Pahlsson.
2:10 of 3rd period - Shot Blocked by David Clarkson.
2:12 of 3rd period - Shot by Cody McCormick.
2:12 of 3rd period - Stopped by Ondrej Pavelec without a rebound.
2:13 of 3rd period - Jerred Smithson wins face-off versus Bryan Little in Blues zone.
2:47 of 3rd period - Icing by Jerred Smithson.
2:48 of 3rd period - Samuel Pahlsson wins face-off versus Jerred Smithson in Blues zone.
2:56 of 3rd period - Minor Penalty to Samuel Pahlsson for Roughing.
2:57 of 3rd period - Patrik Berglund wins face-off versus Mathieu Darche in BlackHawks zone.
3:02 of 3rd period - Shot by Magnus Paajarvi.
3:02 of 3rd period - Shot Misses the Net.
3:39 of 3rd period - Icing by Barret Jackman.
3:40 of 3rd period - Christopher Higgins wins face-off versus Mathieu Darche in Blues zone.
3:44 of 3rd period - Double Minor Penalty to Hal Gill for Slashing.
3:45 of 3rd period - Jussi Jokinen wins face-off versus Mathieu Darche in BlackHawks zone.
3:50 of 3rd period - Shot by Christopher Higgins.
3:50 of 3rd period - Shot Misses the Net.
3:52 of 3rd period - Shot by Barret Jackman.
3:52 of 3rd period - Shot Misses the Net.
4:10 of 3rd period - Shot by Andrei Markov.
4:10 of 3rd period - Shot Misses the Net.
4:14 of 3rd period - Shot by Jussi Jokinen.
4:14 of 3rd period - Shot Blocked by P.K. Subban.
4:32 of 3rd period - Shot by Patrik Berglund.
4:32 of 3rd period - Stopped by Martin Brodeur without a rebound.
4:33 of 3rd period - Darren Helm wins face-off versus Patrik Berglund in BlackHawks zone.
4:48 of 3rd period - Shot by Steve Ott.
4:48 of 3rd period - Stopped by Martin Brodeur without a rebound.
4:49 of 3rd period - Jussi Jokinen wins face-off versus Zach Parise in BlackHawks zone.
5:16 of 3rd period - Shot by Christopher Higgins.
5:16 of 3rd period - Goal by Christopher Higgins - BlackHawks : 3 - Blues : 3.
5:17 of 3rd period - Darren Helm wins face-off versus Patrik Berglund in neutral zone.
5:32 of 3rd period - Shot by Sami Salo.
5:32 of 3rd period - Stopped by Martin Brodeur without a rebound.
5:33 of 3rd period - Patrik Berglund wins face-off versus Zach Parise in BlackHawks zone.
6:07 of 3rd period - Mark Fayne is hit by P.K. Subban and loses puck.
6:41 of 3rd period - Shot by Rick Nash.
6:41 of 3rd period - Stopped by Martin Brodeur with a rebound.
6:45 of 3rd period - Shot by Andrei Markov.
6:45 of 3rd period - Shot Misses the Net.
6:49 of 3rd period - Shot by Jussi Jokinen.
6:49 of 3rd period - Stopped by Martin Brodeur without a rebound.
6:50 of 3rd period - Jussi Jokinen wins face-off versus Samuel Pahlsson in BlackHawks zone.
7:33 of 3rd period - Shot by Tyler Kennedy.
7:33 of 3rd period - Stopped by Ondrej Pavelec without a rebound.
7:34 of 3rd period - Jerred Smithson wins face-off versus Darren Helm in Blues zone.
8:10 of 3rd period - Minor Penalty to Kent Huskins for Roughing.
8:11 of 3rd period - Bryan Little wins face-off versus Jussi Jokinen in Blues zone.
8:26 of 3rd period - Shot by Brett Clark.
8:26 of 3rd period - Shot Misses the Net.
8:28 of 3rd period - Shot by Brett Clark.
8:28 of 3rd period - Stopped by Ondrej Pavelec without a rebound.
8:29 of 3rd period - Darren Helm wins face-off versus Jerred Smithson in Blues zone.
10:10 of 3rd period - Minor Penalty to David Clarkson for Hooking.
10:11 of 3rd period - Bryan Little wins face-off versus Jussi Jokinen in Blues zone.
10:24 of 3rd period - Shot by Bryan Little.
10:24 of 3rd period - Deflect By Zach Parise.
10:24 of 3rd period - Goal by Zach Parise - BlackHawks : 4 - Blues : 3.
10:25 of 3rd period - Jay McClement wins face-off versus Daymond Langkow in neutral zone.
10:29 of 3rd period - Off-side.
10:30 of 3rd period - Daymond Langkow wins face-off versus Jay McClement in neutral zone.
10:54 of 3rd period - Milan Jurcina is hit by Jamie McGinn.
11:45 of 3rd period - Icing by Barret Jackman.
11:46 of 3rd period - Bryan Little wins face-off versus Jussi Jokinen in Blues zone.
12:18 of 3rd period - Icing by Mattias Ohlund.
12:19 of 3rd period - Patrik Berglund wins face-off versus Bryan Little in BlackHawks zone.
12:28 of 3rd period - Shot by Steve Ott.
12:28 of 3rd period - Stopped by Martin Brodeur without a rebound.
12:29 of 3rd period - Samuel Pahlsson wins face-off versus Steve Ott in BlackHawks zone.
12:29 of 3rd period - Samuel Pahlsson is hit by Steve Ott.
13:41 of 3rd period - Shot by Tyler Kennedy.
13:41 of 3rd period - Stopped by Ondrej Pavelec without a rebound.
13:42 of 3rd period - Todd Bertuzzi wins face-off versus Bryan Little in Blues zone.
14:48 of 3rd period - Shot by Tyler Kennedy.
14:48 of 3rd period - Shot Blocked by Mark Fayne.
14:55 of 3rd period - Milan Jurcina is hit by Tyler Kennedy.
15:29 of 3rd period - Shot by Bryan Little.
15:29 of 3rd period - Shot Misses the Net.
15:41 of 3rd period - Icing by Patrik Berglund.
15:42 of 3rd period - Patrik Berglund wins face-off versus Darren Helm in Blues zone.
15:47 of 3rd period - Shot by Steve Ott.
15:47 of 3rd period - Shot Blocked by Ron Hainsey.
15:54 of 3rd period - Icing by Hal Gill.
15:55 of 3rd period - Jussi Jokinen wins face-off versus Darren Helm in BlackHawks zone.
16:23 of 3rd period - Darren Helm is hit by Barret Jackman.
16:51 of 3rd period - Shot by Zach Parise.
16:51 of 3rd period - Shot Misses the Net.
17:22 of 3rd period - Shot by Magnus Paajarvi.
17:22 of 3rd period - Stopped by Martin Brodeur without a rebound.
17:23 of 3rd period - Patrik Berglund wins face-off versus Samuel Pahlsson in BlackHawks zone.
18:17 of 3rd period - Shot by Jussi Jokinen.
18:17 of 3rd period - Stopped by Martin Brodeur without a rebound.
18:18 of 3rd period - Darren Helm wins face-off versus Todd Bertuzzi in BlackHawks zone.
18:27 of 3rd period - David Clarkson and P.K. Subban fight to a draw.
18:27 of 3rd period - Penalty to David Clarkson for Fighting.
18:27 of 3rd period - Penalty to P.K. Subban for Fighting.
18:28 of 3rd period - Bryan Little wins face-off versus Patrik Berglund in Blues zone.
18:28 of 3rd period - Zach Parise is hit by Milan Jurcina and loses puck.
19:28 of 3rd period - Shot by Cody McCormick.
19:28 of 3rd period - Shot Misses the Net.
19:32 of 3rd period - Shot by Darren Helm.
19:32 of 3rd period - Shot Blocked by Barret Jackman.
19:34 of 3rd period - Shot by Tyler Kennedy.
19:34 of 3rd period - Shot Blocked by Barret Jackman.
19:36 of 3rd period - Shot by Darren Helm.
19:36 of 3rd period - Stopped by Ondrej Pavelec with a rebound.
19:38 of 3rd period - Shot by Darren Helm.
19:38 of 3rd period - Shot Blocked by Barret Jackman.
19:52 of 3rd period - Blues, Ondrej Pavelec is pulled from the net.


Output by the SimonT Hockey Simulator (STHS) for Stephane Roy -- Original Page W3C XHTML 1.0 Valid